 Dungeon Crawl Stone Soup version 0.32-a0-909-gc671339a80 (webtiles) character file.

Game seed: 12278890224608493027

27 Skimidon the Shooter (level 2, -5/24 HPs)
             Began as a Demigod Hunter on Apr 6, 2024.
             Slain by a gnoll
             ... wielding a +0 halberd
              (11 damage)
             ... on level 2 of the Dungeon.
             The game lasted 00:01:15 (1254 turns).

Skimidon the Shooter (Demigod Hunter)               Turns: 1254, Time: 00:01:16

Health: -5/24      AC:  3    Str: 12    XL:     2   Next: 72%
Magic:  4/4        EV:  5    Int: 11    God:
Gold:   30         SH:  0    Dex: 17    Spells: 1/1 levels left

rFire   . . .        a - +0 shortbow
rCold   . . .        (shield currently unavailable)
rNeg    . . .        c - +0 leather armour
rPois   .            (no helmet)
rElec   .            (no cloak)
rCorr   .            (no gloves)
SInv    .            (no boots)
Will    .....        (no amulet)
Stlth   ++           (no ring)
HPRegen 0.24/turn    (no ring)
MPRegen 0.09/turn

%: no passive effects
@: held
A: high MP 1, forlorn, divine attributes
a: no special abilities


You were on level 2 of the Dungeon.
You visited 1 branch of the dungeon, and saw 2 of its levels.

You collected 30 gold pieces.

Inventory:

Hand Weapons
 a - a +0 shortbow (weapon)
Armour
 c - a +0 leather armour (worn)
Scrolls
 b - a scroll of butterflies
 d - 3 scrolls of blinking {unknown}
 f - a scroll of amnesia {unknown}
Potions
 e - 2 potions of heal wounds {unknown}


   Skills:
 - Level 1.7 Fighting
 * Level 4.5 Ranged Weapons
 - Level 1.7 Dodging
 - Level 0.8 Stealth


You had one spell level left.
You didn't know any spells.
Your spell library was empty.

Dungeon Overview and Level Annotations

Branches:
Dungeon (2/15) Zot: 10724


Innate Abilities, Weirdness & Mutations

You have an increased reservoir of magic. (+10% MP)
You shall have no god before yourself.
Your divine heritage dramatically boosts your attributes as you level up.


Message History

You kill the bat!
No target in view!
No target in view!
Found an iron altar of Okawaru.
A gnoll comes into view.
It is wielding a +0 halberd and quivering 2 throwing nets.
The gnoll shouts!
You shoot an arrow. The arrow hits the gnoll.
You hear a shout!
A gnoll comes into view. It is wielding a +0 spear. x2
You shoot an arrow. The arrow closely misses the gnoll.
The arrow completely misses the gnoll.
The arrow barely misses the gnoll.
The gnoll shouts!
You hear a shout!
The gnoll throws a throwing net.
The throwing net hits you.
You become entangled in the net!
You are held in a net!
You struggle against the net.
You struggle against the net.
The gnoll closely misses you.
You shred the net and break free! The gnoll misses you.
The gnoll attacks as it pursues you!
The gnoll hits you from afar with a +0 halberd.
You take 5 damage, and have 19/24 hp.
MASSIVE DAMAGE!!
The gnoll throws a throwing net.
The throwing net hits you.
You become entangled in the net!
The gnoll attacks as it pursues you! The gnoll barely misses you.
You see here a throwing net.
You struggle against the net.
The gnoll closely misses you.
You struggle against the net.
The gnoll hits you from afar with a +0 halberd!
* * * LOW HITPOINT WARNING * * *
A gnoll comes into view. It is wielding a +0 whip.
The gnoll hits you but does no damage.
You take 9 damage, and have 10/24 hp.
MASSIVE DAMAGE!!
You struggle against the net.
The gnoll completely misses you.
The gnoll hits you from afar with a +0 spear.
* * * LOW HITPOINT WARNING * * *
You take 4 damage, and have 6/24 hp.
You struggle against the net.
The gnoll shouts!
You hear a shout! x3
The gnoll hits you from afar with a +0 halberd!
You die...

#≈ #... #...#
~###.?# #.).# .....#
#...#
....############...#
#.......##.........#
##.........#####...#
#..####.....####.##
###.##.....#...##.#
#..gg.@###...#..#.#
...g...g###
###....#.#
#.#..###.. ###..#.#
...# #... ####.#
##.. #...# #.# ...
###.. #.# ## ... #.#
.._..# #.# ... #.#


You could see 4 gnolls.

Vanquished Creatures
  2 giant cockroaches (D:1)
  3 goblins
  5 hobgoblins (D:1)
  2 kobolds (D:1)
  A quokka (D:1)
  4 ball pythons (D:1)
  4 bats
  2 frilled lizards
  2 rats (D:1)
25 creatures vanquished.

Notes
Turn   | Place    | Note
-------+----------+-------------------------------------------
     0 | D:1      | Skimidon the Demigod Hunter began the quest for the Orb.
     0 | D:1      | Reached XP level 1. HP: 17/17 MP: 3/3
   293 | D:1      | Reached skill level 4 in Ranged Weapons
   417 | D:1      | Reached XP level 2. HP: 24/24 MP: 4/4
  1254 | D:2      | Slain by a gnoll

Illustrated notes

Levels and vault maps discovered:
D:1:      ebering_hopf_link, layout_basic, chequers_ecumenical_altar_simple
D:2:      layout_rooms, basic_altar, grunt_decor_cap, fountainhead, uniq_robin

Skill      XL: |  1 |
---------------+----+-----
Ranged Weapons | 4 |  4.5
Fighting       | |  1.7
Dodging        | |  1.7
Stealth        | |  0.8

Action                     || total
---------------------------++-------
   Fire: Shortbow          ||    87
 Armour: Leather armour    ||    39
  Dodge: Dodged            ||    41

Table legend: (Time is in decaauts)
 A = Elapsed time spent in this place.
 B = Non-inter-level travel time spent in this place.
 C = Inter-level travel time spent in this place.
 D = Time resting spent in this place.
 E = Time spent auto-exploring this place.
 F = Levels seen in this place.
 G = Mean time per level.
                   A        B        C        D        E       F      G
               +--------+--------+--------+--------+--------+-----+--------+
         Total |   1274 |   1231 |     43 |     35 |   1027 |   2 |  637.0 |
       Dungeon |   1274 |   1231 |     43 |     35 |   1027 |   2 |  637.0 |
               +--------+--------+--------+--------+--------+-----+--------+

Top non-repeatable levels by time:
     D:1: 1197 daAuts
     D:2: 77 daAuts
